 Dungeon Crawl Stone Soup version 0.30-a0-6-g7c9e10e132 (webtiles) character file.

Game seed: 2562105439209370672

94 SensoryNuts the Trooper (level 4, -5/49 HPs)
             Began as an Ogre Fighter on Aug 22, 2022.
             Killed from afar by Natasha (6 damage)
             ... with a puff of flame
             ... on level 3 of the Dungeon.
             The game lasted 00:01:18 (2297 turns).

SensoryNuts the Trooper (Ogre Fighter)              Turns: 2297, Time: 00:01:20

Health: -5/49      AC:  3    Str: 22    XL:     4   Next: 63%
Magic:  4/4        EV:  8    Int:  9    God:
Gold:   141        SH:  7    Dex:  8    Spells: 3/3 levels left

rFire   . . .      SeeInvis .    a - +0 war axe
rCold   . . .      Faith    .    c - +0 kite shield
rNeg    . . .      Spirit   .    b - +0 robe
rPois   .          Reflect  .    (helmet restricted)
rElec   .          Harm     .    (no cloak)
rCorr   .          Rampage  .    (gloves unavailable)
Will    .....                    (boots unavailable)
Stlth   +.........               (no amulet)
HPRegen 0.16/turn                (no ring)
MPRegen 0.09/turn                (no ring)

@: mighty
A: large, unfitting armour, tough skin 1
a: no special abilities


You were on level 3 of the Dungeon.
You visited 1 branch of the dungeon, and saw 3 of its levels.

You collected 141 gold pieces.

Inventory:

Hand Weapons
 a - a +0 war axe (weapon)
Armour
 b - a +0 robe (worn)
 c - a +0 kite shield (worn)
Jewellery
 i - an amulet of faith
Scrolls
 e - 3 scrolls of identify {unknown}
 h - a scroll of enchant armour {unknown}
 n - a scroll of fear {unknown}
 p - a scroll of fog {unknown}
Potions
 f - a potion of ambrosia {unknown}
 g - 4 potions of curing {unknown}
 j - a potion of lignification {unknown}
 k - a potion of attraction {unknown}
 l - a potion of resistance {unknown}
 m - a potion of heal wounds {unknown}
 o - a potion of mutation {unknown}


   Skills:
 + Level 4.8 Fighting
 + Level 3.0 Axes
 + Level 3.4 Dodging
 + Level 0.1 Stealth
 + Level 3.3 Shields


You had 3 spell levels left.
You didn't know any spells.
Your spell library contained the following spells:

 Spells                   Type           Power      Damage    Failure   Level
 Apportation              Tloc           0%         N/A       67%         1
 Necrotise                Necr           0%         1d4       67%         1
 Summon Small Mammal      Summ           0%         N/A       67%         1


Dungeon Overview and Level Annotations

Branches:
Dungeon (3/15)

Altars:

Annotations:
D:3 Natasha


Innate Abilities, Weirdness & Mutations

You are too large for most types of armour.
You have tough skin. (AC +1)


Message History

You closely miss Natasha.
Natasha is heavily wounded.
The orc shouts!
You hit the shadow imp. You hit the hobgoblin but do no damage.
You barely miss the bat. The bat hits you but does no damage.
You block the bat's attack. Natasha claws you. The hobgoblin hits you.
The orc wizard casts a spell.
The orc wizard flickers and vanishes!
Deactivating autopickup; reactivate with Ctrl-A.
The shadow imp closely misses you. Natasha claws you but does no damage.
You are too injured to fight recklessly!
Unknown command.
You are too injured to fight recklessly!
Unknown command.
You are too injured to fight recklessly!
Unknown command.
You are too injured to fight recklessly!
Unknown command.
You closely miss Natasha.
Natasha is heavily wounded.
You barely miss the shadow imp. You closely miss the hobgoblin.
The bat hits you but does no damage. You block the bat's attack.
You block the hobgoblin's attack. The shadow imp barely misses you.
Natasha zaps a wand.
The puff of flame hits you!
* * * LOW HITPOINT WARNING * * *
The hobgoblin hits you.
* * * LOW HITPOINT WARNING * * *
You feel very mighty all of a sudden.
The bat hits you but does no damage. x2; The shadow imp completely misses you.
Natasha zaps a wand.
The puff of flame hits you!
* * * LOW HITPOINT WARNING * * *
An orc comes into view. It is wielding a +0 club.
You block the hobgoblin's attack.
You closely miss Natasha.
Natasha is heavily wounded.
You closely miss the shadow imp. You slash the hobgoblin!
You kill the hobgoblin!
The bat hits you but does no damage.
Natasha zaps a wand.
The puff of flame hits you.
You die...

# .# ###. ##...
##... #
...#.##.#
#.##)......#
#...@5.....#
.....##h.b....#
... #5......# #
#.......#
#.####### .o.
... o..


You could see Natasha, 2 shadow imps, 2 orcs and a bat.

Vanquished Creatures
  5 adders (D:2)
  3 dart slugs (D:1)
  An orc (D:3)
  5 ball pythons
  An endoplasm (D:2)
  2 giant cockroaches (D:1)
  3 goblins (D:2)
  5 hobgoblins
  3 quokkas
  3 bats
  4 frilled lizards
  5 kobolds
  4 rats
44 creatures vanquished.

Vanquished Creatures (others)
  A plant (D:2)
1 creature vanquished.

Grand Total: 45 creatures vanquished

Notes
Turn   | Place    | Note
-------+----------+-------------------------------------------
     0 | D:1      | SensoryNuts the Ogre Fighter began the quest for the Orb.
     0 | D:1      | Reached XP level 1. HP: 24/24 MP: 1/1
   343 | D:1      | Reached XP level 2. HP: 32/32 MP: 2/2
   964 | D:2      | Reached XP level 3. HP: 34/40 MP: 3/3
  1385 | D:2      | Reached XP level 4. HP: 41/49 MP: 4/4
  1706 | D:2      | Found a faded altar of an unknown god.
  2287 | D:3      | Noticed Natasha
  2296 | D:3      | HP: 1/49 [Natasha/puff of flame (8)]
  2297 | D:3      | Killed from afar by Natasha

Illustrated notes

Levels and vault maps discovered:
D:1:      dpeg_arrival_lava_temple_mockup, layout_basic
D:2:      layout_basic, dreamdust_ecumenical_altar_grove,
          minmay_misc_feat_hallway, nicolae_concentric_dashed_squares_mild,
          kennysheep_generic_room_3
D:3:      layout_basic, uniq_natasha

Skill      XL: |  1  2  3  4 |
---------------+-------------+-----
Dodging        | 3 |  3.4
Axes           | 3 |  3.0
Fighting       | |  4.8
Stealth        | |  0.1
Shields        | |  3.3

Action                   |  1- 3 |  4- 6 || total
-------------------------+-------+-------++-------
Melee: War axe           |    64 |    55 ||   119
  Use: Potion            |       |     1 ||     1
Armor: Robe              |    22 |    23 ||    45
Dodge: Dodged            |    20 |    23 ||    43
Block: Kite shield       |    23 |    25 ||    48

Table legend: (Time is in decaauts)
 A = Elapsed time spent in this place.
 B = Non-inter-level travel time spent in this place.
 C = Inter-level travel time spent in this place.
 D = Time resting spent in this place.
 E = Time spent auto-exploring this place.
 F = Levels seen in this place.
 G = Mean time per level.
                   A        B        C        D        E       F      G
               +--------+--------+--------+--------+--------+-----+--------+
         Total |   2356 |   2356 |      0 |      0 |   2013 |   3 |  785.3 |
       Dungeon |   2356 |   2356 |      0 |      0 |   2013 |   3 |  785.3 |
               +--------+--------+--------+--------+--------+-----+--------+

Top non-repeatable levels by time:
     D:2: 1417 daAuts
     D:1: 924 daAuts
     D:3: 14 daAuts
